 Dungeon Crawl Stone Soup version 0.23-a0-389-g4a5eb33 (webtiles) character file.

90 Dawnplanks the Covered (level 4, -1/29 HPs)
             Began as a Gargoyle Fighter on Oct 29, 2018.
             Slain by Sigmund
             ... wielding a +0 scythe
              (7 damage)
             ... on level 3 of the Dungeon.
             The game lasted 00:04:45 (1836 turns).

Dawnplanks the Covered (Gargoyle Fighter)           Turns: 1836, Time: 00:04:45

Health: -1/29      AC: 10    Str: 26    XL:     4   Next: 56%
Magic:  4/4        EV:  7    Int:  8    God:
Gold:   73         SH:  0    Dex:  9    Spells: 3/3 levels left

rFire    . . .     SeeInvis .   a - +0 flail
rCold    . . .     Gourm    .   c - +0 shield
rNeg     + . .     Faith    .   b - +0 scale mail
rPois    ∞         Spirit   .   (no helmet)
rElec    +         Reflect  .   (no cloak)
rCorr    .         Harm     .   (no gloves)
MR       .....                  (no boots)
Stlth    ..........             (no amulet)
HPRegen  0.09/turn              (no ring)
MPRegen  0.09/turn              (no ring)

@: confused, mighty
A: negative energy resistance 1, electricity resistance, unbreathing,
petrification resistance, rot immunity, AC +3
a: no special abilities


You were on level 3 of the Dungeon.
You were not hungry.

You visited 1 branch of the dungeon, and saw 3 of its levels.

You collected 73 gold pieces.

Inventory:

Hand Weapons
 a - a +0 flail (weapon)
Missiles
 o - 8 tomahawks (quivered)
Armour
 b - a +0 scale mail (worn)
 c - a +0 shield (worn)
Scrolls
 h - a scroll of magic mapping {unknown}
 i - 5 scrolls of identify {unknown}
 k - a scroll of enchant weapon {unknown}
 l - a scroll of remove curse {unknown}
 m - a scroll of fear {unknown}
 n - a scroll of blinking {unknown}
 q - a scroll of immolation {unknown}
 t - a scroll of enchant armour {unknown}
Potions
 d - 2 potions of might
 e - a potion of brilliance {unknown}
 g - 2 potions of agility {unknown}
 j - a potion of degeneration {unknown}
 p - a potion of haste {unknown}
 r - a potion of ambrosia {unknown}
Comestibles
 f - 4 rations
 s - 2 chunks of flesh


   Skills:
 + Level 3.7 Fighting
 * Level 3.4 Maces & Flails
 + Level 3.8 Armour
 + Level 0.4 Dodging
 + Level 3.7 Shields


You had 3 spell levels left.
You didn't know any spells.
Your spell library was empty.

Dungeon Overview and Level Annotations

Branches:
Dungeon (3/15)

Altars:
Ashenzari
Dithmenos

Annotations:
D:3 Sigmund


Innate Abilities, Weirdness & Mutations

You are resistant to torment.
Your stone body is resilient. (AC +3)
You are immune to poison.
You resist negative energy. (rN+)
You are resistant to electric shocks. (rElec)
You can survive without breathing.
You are immune to petrification.
You are immune to rotting.


Message History

You kill the giant cockroach!
A hobgoblin comes into view. It is wielding a +0 club.
You block something's attack.
The hobgoblin shouts!
You hear a shout!
You block something's attack.
The hobgoblin throws a stone.
You block the stone.
Things that are here:
a stone; a giant cockroach corpse You barely miss something.
The hobgoblin throws a stone.
The stone hits you but does no damage.
You closely miss something.
You hear some strange, mumbled words.
You are confused.
The hobgoblin throws a stone.
The stone hits you.
You hear some strange, mumbled words.
A magic dart appears from out of thin air!
The magic dart hits you!
* * * LOW HITPOINT WARNING * * *
Something hits you!
You die...

..?.................
..................≈≈##...
................≈##≈≈###.
....... ........# ≈#≈≈≈≈.
....... ......##≈≈≈≈≈≈##
....... .....≈≈#≈≈≈#≈ #
...g... #....# ≈≈≈≈≈≈≈#
.......####....##≈#≈≈#≈≈#
.......(@.......#≈≈≈ #.
......{..####...#≈#≈≈###.
..................##≈#...
.........................
.....#.........#.....)..#
.....#..................#
.... #.........#######...
.... .######..###........
...................


You could see a hobgoblin.

Vanquished Creatures
  2 adders
  A worm (D:2)
  A dart slug (D:3)
  3 leopard geckos (D:1)
  4 orcs (D:3)
  A ball python (D:2)
  5 bats
  4 giant cockroaches
  4 goblins
  5 hobgoblins
  7 jackals (D:1)
  5 quokkas (D:2)
  4 frilled lizards
  6 kobolds
  4 rats
56 creatures vanquished.

Notes
Turn   | Place    | Note
-------+----------+-------------------------------------------
     0 | D:1      | Dawnplanks the Gargoyle Fighter began the quest for the
                  | Orb.
     0 | D:1      | Reached XP level 1. HP: 14/14 MP: 1/1
   184 | D:1      | Found a shattered altar of Ashenzari.
   202 | D:1      | Reached XP level 2. HP: 19/19 MP: 2/2
   474 | D:1      | Reached XP level 3. HP: 21/23 MP: 3/3
  1347 | D:2      | Reached XP level 4. HP: 26/29 MP: 4/4
  1684 | D:3      | Found a shadowy altar of Dithmenos.
  1824 | D:3      | Noticed Sigmund
  1836 | D:3      | Slain by Sigmund

Vault maps used:
D:1:      scummos_arrival_simple_crosswalls, nicolae_ashenzari_panopticon
D:2:      first_ration
D:3:      nicolae_dithmenos_shadow_blocks, minivault_4, uniq_sigmund

Skill      XL: |  1  2  3 |
---------------+----------+-----
Maces & Flails | 3 |  3.4
Fighting       | |  3.7
Armour         | |  3.8
Dodging        | |  0.4
Shields        | |  3.7

Action                   |  1- 3 |  4- 6 || total
-------------------------+-------+-------++-------
Melee: Flail             |   224 |    59 ||   283
  Use: Potion            |       |     1 ||     1
  Eat: Chunk             |     2 |     2 ||     4
Armor: Scale mail        |   118 |    48 ||   166
Dodge: Dodged            |    78 |    30 ||   108
Block: Shield            |   119 |    41 ||   160

Table legend:
 A = Non-vault XP
 B = Vault XP
 C = Vault XP percentage of total XP
 D = Non-vault monster count
 E = Vault monster count
 F = Vault count percentage of total count
                 A         B        C        D         E       F
            +---------+---------+-------+---------+---------+-------
      Total |     129 |       0 |   0.0 |      56 |       0 |   0.0
            +---------+---------+-------+---------+---------+-------
        D:1 |      35 |       0 |   0.0 |      18 |       0 |   0.0
        D:2 |      59 |       0 |   0.0 |      28 |       0 |   0.0
        D:3 |      35 |       0 |   0.0 |      10 |       0 |   0.0
            +---------+---------+-------+---------+---------+-------
